montu, chaotic male human Wizard ---- ----------- --.>-------- |.........| |..........| |.........| |.`-----.-.| |.........| |..|...|.``| |....<....| |.`.`@....-| |.........| |.`.`...|..| |.........| |.----..--.| |.........| |.......`|.-- |.........| |.---.-.....------------+| |...|...-...........^^^^/| |.........---------------- -----..|..| ------- montu the Thaumaturge Experience level: 7 Strength: 11 Dexterity: 15 Constitution: 14 Intelligence: 18 Wisdom: 11 Charisma: 12 Health: 75(75) Energy: 62(62) Def: 5 Gold: 0 Moves: 7179 Dungeon seed: UHVqWN-7UsFj_dv0 Game ID: montu_1681446203 Your Inventory: Weapons a - an uncursed +0 quarterstaff (weapon in hands) Armor e - an uncursed +0 cloak of magic resistance (being worn) r - an uncursed +0 studded leather armor (being worn) Y - an uncursed +0 orcish helm of fire immunity (being worn) Comestibles H - an uncursed lizard corpse I - an uncursed food ration J - an uncursed cream pie M - 2 uncursed cloves of garlic Scrolls s - an uncursed scroll of blank paper v - an uncursed scroll of blank paper x - an uncursed scroll of blank paper E - 2 uncursed scrolls of blank paper Q - an uncursed scroll of blank paper R - an uncursed scroll of blank paper W - an uncursed scroll of blank paper Potions g - an uncursed potion of booze i - an uncursed potion of water C - an uncursed potion of water Rings w - an uncursed ring of cold immunity D - an uncursed ring of invisibility G - an uncursed +0 ring of gain constitution K - an uncursed ring of sustain ability V - an uncursed +0 ring of gain constitution X - an uncursed ring of shock immunity Wands t - an uncursed wand of secret door detection (0:-1) A - an uncursed wand of cancellation (0:5) Tools f - an uncursed wax candle (0:400) h - an uncursed blindfold l - an uncursed mirror u - an uncursed +0 unicorn horn F - an uncursed tallow candle (0:200) Spells and supernatural/magical abilities: Name Level Category Cost Memory a - force bolt 1 attack 6pw 89% f - fireball 4 attack 30pw 97% m - magic missile 2 attack 12pw 89% p - protection 1 clerical 12pw 89% H - speed monster 3 escape 37pw 98% K - cure sickness 3 healing 37pw 89% W - pray for help -- divine ? -- Your skills at the end: Fighting Skills wands [Basic] Weapon Skills quarterstaff [Skilled] Spellcasting Skills attack spells [Skilled] enchantment spells [Basic] Final Attributes: You were piously aligned. You were immune to fire. You were poison resistant. You were magic resistant. You were cancelled. You were telepathic. You could teleport. Anhur was noncommittal. You survived. Vanquished creatures: 3 leprechauns a gnome king a dwarf mummy a lizard a dingo 2 housecats a blue jelly a white unicorn a dust vortex a gnome mummy 5 bugbears a wood nymph a rock piercer a rock mole a fog cloud a yellow light a shrieker 4 gnome lords a gnomish wizard a kobold mummy an elf zombie a ghoul 9 giant ants 2 floating eyes a kitten a dwarf a kobold lord 3 kobold shamans 3 rothes a rabid rat a centipede a giant bat a monkey a wererat 4 iguanas 2 acid blobs 5 coyotes 3 gas spores a hobbit 4 manes 3 large kobolds 9 hobgoblins 10 giant rats 4 cave spiders 2 brown molds a yellow mold a green mold 2 gnomes 17 garter snakes 3 geckos 10 jackals 2 foxes a kobold 2 goblins 3 sewer rats 6 grid bugs 4 lichens a kobold zombie 10 newts 167 creatures vanquished. Genocided species: mind flayers 1 species genocided. Voluntary challenges: You used a wielded weapon 196 times, starting on turn 86. You read items or engraved 76 times, starting on turn 873. You genocided 1 type of monster, starting on turn 5671. You never polymorphed an object. You never changed form. You used no wishes. You never split a pudding. You wrote Elbereth's name 50 times, starting on turn 1365. You violated your moral code, losing 129 points of alignment, starting on turn 2407. Dungeon overview: The Dungeons of Doom: levels 1 to 7 Level 1 an altar to Thoth a long staircase Level 2 a general store, a fountain a long staircase Level 3 a fountain Level 4 an altar to Thoth, a fountain, a vault Level 5 many fountains Level 6 some fountains stairs to Sokoban Level 7 Sokoban: levels 4 to 5 Level 4 <- You were here Unsolved Level 5 Solved stairs to The Dungeons of Doom History has recorded: On T:1 you entered the Dungeons of Doom to retrieve the Amulet of Yendor! On T:385 you reached level 2 of The Dungeons of Doom. On T:639 you advanced to experience level 2. On T:978 you reached level 3 of The Dungeons of Doom. On T:1232 you advanced to experience level 3. On T:1763 you reached level 4 of The Dungeons of Doom. On T:1784 you advanced to experience level 4. On T:2206 you reached level 5 of The Dungeons of Doom. On T:2652 you advanced to experience level 5. On T:4013 you advanced to experience level 6. On T:5342 you reached level 6 of The Dungeons of Doom. On T:5491 you advanced to experience level 7. On T:5671 you genocided mind flayers. On T:5991 you reached level 7 of The Dungeons of Doom. On T:6019 you reached level 4 of Sokoban. On T:6555 you reached level 3 of Sokoban. Score breakdown: Gold: 0 ( 0 points) Experience: 7 levels (13645 points) Exploration: 7 levels ( 14.58%) (10718 points) Discoveries: 7 items ( 2.35%) ( 4597 points) Valuables value: (no points given unless you survive) Artifact value: 0 ( 0 points) Variety of kills: 59 monsters ( 15.53%) (11821 points) Turncount: 7179 turns (-1888 points) Survival: quit (score multiplied by 90%) Total score: 35003 Latest messages: Never mind. This pancake is delicious! You don't feel so weak now. You finish eating the pancake. [2 turns] You try to move the boulder, but in vain. With great effort you move the boulder. The boulder falls into and plugs a hole in the floor! Never mind. You try to move the boulder, but in vain. You feel magical energies being absorbed from your vicinity. You feel devoid of magic! You must have gained cancellation. Final status: Goodbye montu the Wizard, quit... You quit in Sokoban on dungeon level 4 with 35003 points, and 0 pieces of gold, after 7179 moves. You were level 7 with a maximum of 75 hit points when you quit.